 Dungeon Crawl Stone Soup version 0.27.1-4-g1640c2035a (webtiles) character file.

Game seed: 3397704405933729439

44 Violens the Shield-Bearer (level 3, -1/33 HPs)
             Began as a Minotaur Fighter on Oct 22, 2021.
             Slain by a gnoll (3 damage)
             ... on level 2 of the Dungeon on Nov 3, 2021.
             The game lasted 00:05:30 (583 turns).

Violens the Shield-Bearer (Minotaur Fighter)         Turns: 583, Time: 00:05:31

Health: -1/33      AC:  7    Str: 21    XL:     3   Next: 41%
Magic:  2/2        EV:  7    Int:  5    God:
Gold:   18         SH:  9    Dex:  9    Spells: 2/2 levels left

rFire    . . .     SeeInvis .   a - +0 war axe
rCold    . . .     Faith    .   c - +0 kite shield
rNeg     . . .     Spirit   .   b - +0 scale mail
rPois    .         Reflect  .   (helmet restricted)
rElec    .         Harm     .   (no cloak)
rCorr    .         Rampage  .   (no gloves)
Will     .....                  (no boots)
Stlth    ..........             (no amulet)
HPRegen  0.11/turn              (no ring)
MPRegen  0.08/turn              (no ring)

@: no status effects
A: horns 2, retaliatory headbutt
a: no special abilities


You were on level 2 of the Dungeon.
You visited 1 branch of the dungeon, and saw 2 of its levels.

You collected 18 gold pieces.

Inventory:

Hand Weapons
 a - a +0 war axe (weapon)
Armour
 b - a +0 scale mail (worn)
 c - a +0 kite shield (worn)
Scrolls
 f - a scroll of magic mapping {unknown}
 g - a scroll of vulnerability {unknown}
 i - a scroll of identify {unknown}
Potions
 d - a potion of might
 e - a potion of invisibility {unknown}
 h - a potion of magic {unknown}


   Skills:
 + Level 4.0 Fighting
 + Level 3.0 Axes
 + Level 3.9 Armour
 + Level 0.8 Dodging
 + Level 4.3 Shields


You had 2 spell levels left.
You didn't know any spells.
Your spell library was empty.

Dungeon Overview and Level Annotations

Branches:
Dungeon (2/15)

Altars:


Innate Abilities, Weirdness & Mutations

You have a pair of horns on your head.
You reflexively headbutt those who attack you in melee.


Message History

You block the gnoll's attack.
The gnoll hits you from afar with a +0 halberd.
You hit the gnoll.
The gnoll is lightly wounded.
The gnoll hits you but does no damage. The gnoll closely misses you.
The gnoll completely misses you. You furiously retaliate!
You headbutt the gnoll. You hit the gnoll. You headbutt the gnoll.
You kill the gnoll!
You block the gnoll's attack. The gnoll hits you but does no damage.
Your Fighting skill increases to level 4!
You have reached level 3!
Your experience leads to an increase in your attributes!
Increase (S)trength, (I)ntelligence, or (D)exterity?
You feel stronger. You block the gnoll's attack.
Things that are here:
a +0 whip; a gnoll corpse You slash the gnoll!
The gnoll is severely wounded.
The gnoll barely misses you.
You barely miss the gnoll. You headbutt the gnoll.
You kill the gnoll!
Your Axes skill increases to level 3!
You slash the dart slug!
The dart slug is almost dead.
The gnoll hits you from afar with a +0 halberd.
* * * LOW HITPOINT WARNING * * *
The dart slug bites you but does no damage.
You hit the dart slug.
You kill the dart slug!
You block the gnoll's attack. The gnoll barely misses you.
You block the gnoll's attack.
The gnoll hits you from afar with a +0 spear.
* * * LOW HITPOINT WARNING * * *
Things that are here:
a +0 halberd; a dart slug corpse; a gnoll corpse You closely miss the gnoll.
The gnoll barely misses you. The gnoll hits you but does no damage.
The gnoll hits you with a +0 halberd.
You die...

#.####.†.......## #.
#......## .# ##
####.#..# .#####
#..##.##(.....
.#####.###..#...####
.>..................#
##.##...#####.#####.
......######)##
##.... #gg@..# ###..
#.##### ###....#
###.g# ..g# w..g#
###.g# ...# ...#


You could see 2 gnolls.

Vanquished Creatures
  2 gnolls (D:2)
  2 dart slugs
  3 bats
  4 endoplasms
  3 goblins (D:1)
  2 hobgoblins (D:1)
  A kobold (D:1)
  A quokka (D:1)
  A frilled lizard (D:1)
  A rat (D:1)
20 creatures vanquished.

Vanquished Creatures (others)
  A fungus (D:1)
1 creature vanquished.

Grand Total: 21 creatures vanquished

Notes
Turn   | Place    | Note
-------+----------+-------------------------------------------
     0 | D:1      | Violens the Minotaur Fighter began the quest for the Orb.
     0 | D:1      | Reached XP level 1. HP: 19/19 MP: 0/0
   176 | D:1      | Reached XP level 2. HP: 27/27 MP: 1/1
   383 | D:1      | Upgraded the game from 0.27.1-3-gb3d3a73c9e to
                  | 0.27.1-4-g1640c2035a
   386 | D:1      | Found a faded altar of an unknown god.
   577 | D:2      | Reached XP level 3. HP: 12/33 MP: 2/2
   583 | D:2      | Slain by a gnoll

Illustrated notes

Levels and vault maps discovered:
D:1:      elethiomel_arrival_infinity_welcomes_careful_drivers, layout_basic,
          dreamdust_ecumenical_altar_grove
D:2:      layout_rooms, minmay_unequal

Skill      XL: |  1  2  3 |
---------------+----------+-----
Shields        | 4 |  4.3
Fighting       | 4 |  4.0
Axes           | 3 |  3.0
Armour         | |  3.9
Dodging        | |  0.8

Action                   || total
-------------------------++-------
Melee: War axe           ||    42
       Headbutt          ||     4
Armor: Scale mail        ||    23
Dodge: Dodged            ||    17
Block: Kite shield       ||    26
